cohdb
Replays
Latest Replays
All Replays
Popular Replays
Top Player Replays
Match Explorer
How It Works
Community
CoH3 Stats
Reddit
Sign in to upload your games and track your stats! →
Sign in with Steam
Match 39419820
Unlisted
Match 39419820
Overview
Messages
Build Orders
End
Panzerpioneer Squad
Selects Panzerjäger Kommand Battlegroup
Selects Mine Fields
250 Light Carrier
Panzergrenadier Squad
Construct Light Support Kompanie
MG34 Team
2.5-tonne Medical Truck
Selects GrB 39 Grenade Launcher Requisition
Fire Support Elements
le.IG 18 Mechanized Group
Flakvierling Half-track
Assault Grenadier Squad
Selects Early Warning
Construct Panzerarmee Kommand
Pak 38 Anti-tank Gun Team
Panzer III L Medium Tank
Panzerpioneer Squad
Panzerpioneer Squad
Walking Stuka Rocket Launcher
Selects Butterfly Bomb Drop
Butterfly Bomb Drop
Selects Crew Shock Tactics
RooRoolen
Bighazelnut
比大象短了2CM
FoolishNinja
L4bello
striker_13_9
0
0
Comments
sign in to comment!
No comments posted yet!